[Event "Austrian Bundesliga 2023-24"]
[Site "Austria"]
[Date "2024.03.23"]
[Round "10.33"]
[White "Svane, Rasmus"]
[Black "Hracek, Zbynek"]
[Result "1-0"]
[ECO "B22"]
[WhiteElo "2623"]
[BlackElo "2542"]
[Annotator "TA"]
[PlyCount "77"]
[EventDate "2023.10.21"]
[EventType "team-tourn"]
[EventCountry "AUT"]
[SourceTitle "playchess.com"]
[Source "ChessBase"]
[SourceQuality "1"]
[TimeControl "40/5400+30:1800+30"]

1. e4 c5 2. c3 e6 3. d4 d5 4. exd5 exd5 5. Nf3 Nc6 6. Bb5 Bd6 7. O-O Nf6 8. dxc5 Bxc5 9. Bg5 Be6 {[%emt 0:01:50] Weiß steht etwas besser.} 10. Qa4 Rc8 11. Nbd2 O-O 12. Nb3 Bb6 13. Rad1 h6 $1 14. Bh4 a6 (14... g5 $5 15. Bg3 Ne4 $11) 15. Bxc6 bxc6 16. c4 Bg4 17. c5 {[%emt 0:06:55][%cal Oh4f6] [#] Und jetzt Bxf6! wäre schön.} Bxf3 18. gxf3 Bc7 19. Nd4 (19. Qxc6 $2 Bxh2+ 20. Kxh2 Rxc6 $19) 19... Qd7 20. Bg3 {[%emt 0:04:41] Verhindert Be5.} (20. Qxc6 $2 Bxh2+ 21. Kxh2 Rxc6 $19) (20. Nxc6 $2 Bd8 $19) 20... Qh3 $2 (20... Bd8 $11) 21. Qc2 (21. Qxc6 $2 {verliert.} Bxg3 22. fxg3 Rxc6 $19) ({Viel schwächer ist} 21. Nxc6 Rfe8 $16) (21. Qxa6 $6 Nh5 22. Rfe1 (22. Nxc6 Nf4 23. Ne7+ Kh7 24. Bxf4 Bxf4 25. Qd3+ f5 26. Rfe1 Bxh2+ 27. Kh1 Bg3+ 28. Kg1 Qh2+ 29. Kf1 Qxf2#) 22... Ra8 $14 (22... Nf4 23. Qf1 $16)) ({Vorzuziehen ist} 21. Rfe1 $16) 21... g6 (21... Bd8 $11) 22. Nxc6 $16 Rfe8 {[%emt 0:00:28] [#] Pariert Ne7+. Weiss muss nun ...Bxg3 beachten.} 23. Nb4 h5 (23... Bxg3 $16 {war nötig.} 24. fxg3 d4) 24. Nxd5 $18 Nxd5 25. Rxd5 h4 26. Bxc7 Rxc7 27. Qc3 Qe6 28. Rd4 {[%emt 0:05:16] Re4 ist eine echte Drohung.} Qe5 (28... Qf5 $16 {ist wohl besser.}) 29. b4 ({Schwächer ist} 29. Rxh4 Qxc3 30. bxc3 Rxc5 $14) 29... h3 {[%emt 0:00:09] Droht stark ...Rd7.} 30. f4 Qf5 31. Rd3 Qxf4 32. Rxh3 $40 {[%emt 0:00:04][%mdl 128] Weiss riecht Blut.} Re5 33. Qf3 (33. a3 $18) 33... Qg5+ (33... Rg5+ $16 {war einen Versuch wert.} 34. Kh1 Qxf3+ 35. Rxf3 a5) 34. Rg3 Qh4 35. Rh3 Qg5+ 36. Rg3 Qh4 37. a3 Kg7 38. Qc3 f6 39. Qd3 {[%emt 0:00:43] Gewichteter Fehlerwert: Weiß=0.39/Schwarz=0.30.  Fehler:       	Weiß=2     	Schwarz=5     Ungenau:       	Weiß=2     	Schwarz=2     OK:         	Weiß=14    	Schwarz=12    Bester:       	Weiß=3     	Schwarz=2     Stark:        	---       	Schwarz=1} 1-0

[Event "Austrian Bundesliga 2023-24"]
[Site "Austria"]
[Date "2024.03.23"]
[Round "10.34"]
[White "Bures, Jaroslav"]
[Black "Svane, Frederik"]
[Result "0-1"]
[ECO "B95"]
[WhiteElo "2407"]
[BlackElo "2617"]
[Annotator "TA"]
[PlyCount "98"]
[EventDate "2023.10.21"]
[EventType "team-tourn"]
[EventCountry "AUT"]
[SourceTitle "playchess.com"]
[Source "ChessBase"]
[SourceQuality "1"]
[TimeControl "40/5400+30:1800+30"]

1. e4 c5 2. Nf3 d6 3. d4 cxd4 4. Nxd4 Nf6 5. Nc3 a6 6. Bg5 e6 7. Qf3 Be7 8. O-O-O Qc7 9. Qg3 {[%emt 0:20:17] 9.g4 wird beliebter.} Nbd7 10. Bd3 {[%emt 0:21:09] B95: Sizilianisch (Najdorf-Variante mit 6.Lg5).} b5 11. Bxb5 axb5 12. Ndxb5 Qb7 $5 {[%emt 0:15:27][%mdl 4] Verlässt die ausgetretenen Pfade.} 13. Bxf6 $1 Nxf6 14. Nxd6+ Bxd6 15. Qxd6 Nd7 $146 (15... Nxe4 16. Qd8#) ({Predecessor:} 15... Bd7 16. Rd4 Ra6 17. Qc5 Rc6 18. Qa3 Qb6 19. Rhd1 Qc5 20. Qxc5 Rxc5 21. f4 e5 22. fxe5 Rxe5 {½-½ Selin,S (2317)-Paredes,C (2182) W-ch WS/M/225 email 2009}) 16. a4 $1 Qb6 17. f3 h5 (17... Qxd6 {vereinfacht} 18. Rxd6 Ne5 19. f4 Ng4) 18. Nb5 Qxd6 19. Nxd6+ Ke7 20. b3 h4 21. Rd2 h3 22. Rhd1 Ra7 23. gxh3 Ne5 24. f4 Ng6 25. Rf2 Bd7 26. Nc4 Rxh3 27. f5 Nh4 28. Ne5 Be8 29. fxe6 Kxe6 30. Rd3 Rxd3 31. Nxd3 Bc6 32. Rf4 g5 33. Rg4 Nf3 34. Nc5+ Kd6 35. b4 {[%emt 0:00:03] [#]} f6 $1 36. a5 Nxh2 37. Rg2 (37. Rg3 $17) 37... Nf3 $19 38. c4 Ne5 39. Rd2+ Ke7 40. Rc2 Be8 41. a6 Bf7 42. b5 Nxc4 (42... Bxc4 43. b6 Rxa6 44. Nxa6 Bxa6 45. b7 Bxb7 46. Rc7+ Ke6 47. Rxb7 $11) 43. Nd3 {[%emt 0:06:07] [#]} Be8 (43... Ra8 $1 $19 {bietet bessere Gewinnchancen. Droht ...g4 und aus.} 44. Nb4 (44. Rc3 g4) 44... g4) 44. Rxc4 $17 Bxb5 45. Rd4 $2 (45. Rb4 $17 Bxa6 (45... Bxd3 $2 {verliert.} 46. Rb7+ Rxb7 47. axb7 $18) 46. Ra4) 45... Bxd3 $19 ({Weniger gut wäre} 45... Bxa6 46. Nb4 Ke6 47. Kd2 $17) ({Nicht} 45... Rxa6 46. Nf2 $19) 46. Rxd3 Rxa6 47. Rg3 Rd6 48. e5 Rd5 49. exf6+ Kxf6 0-1

[Event "Austrian Bundesliga 2023-24"]
[Site "Austria"]
[Date "2024.03.23"]
[Round "10.35"]
[White "Wagner, Dennis"]
[Black "Mikes, Jan"]
[Result "1/2-1/2"]
[ECO "E04"]
[WhiteElo "2620"]
[BlackElo "2358"]
[Annotator "TA"]
[PlyCount "86"]
[EventDate "2023.10.21"]
[EventType "team-tourn"]
[EventCountry "AUT"]
[SourceTitle "playchess.com"]
[Source "ChessBase"]
[SourceQuality "1"]
[TimeControl "40/5400+30:1800+30"]

1. d4 Nf6 2. c4 e6 3. Nf3 d5 4. g3 dxc4 5. Bg2 Nbd7 6. O-O c6 7. a4 b6 8. Nc3 Nd5 9. Ne5 (9. e4 $14 Nb4 10. Qe2) 9... Nxe5 $15 {[%emt 0:10:42] Schwarz steht etwas besser.} 10. dxe5 Qc7 11. Qd4 Ba6 12. h4 Be7 13. Qe4 Rc8 14. Kh2 h5 (14... O-O $17 15. f4 Bb4) 15. Bd2 (15. Rd1 $11) 15... g6 16. Bh3 Bb7 17. Rad1 ({Vorzuziehen ist} 17. f4 $15) 17... Nxc3 ({Günstiger ist} 17... b5 $1 $17 {...b4 wäre nun fies.} 18. axb5 Nxc3 19. Bxc3 cxb5) 18. Bxc3 $11 {[%emt 0:00:19][%cal Oh3e6] Schwarz muss nun Bxe6! beachten.} c5 19. Qxc4 g5 $2 (19... O-O $11 {und Schwarz muss sich keine Sorgen machen.}) 20. hxg5 $18 {[%cal Og5g6] Zielt auf g6! ab.} Bxg5 {[%emt 0:03:16] [#]} (20... h4 {war nötig.} 21. gxh4 Qc6) 21. Bxe6 $1 h4 {[%emt 0:03:33] [#]} 22. g4 fxe6 23. Qxe6+ Be7 $2 (23... Qe7 24. Qg6+ Qf7 (24... Kf8 $2 25. f4 $18) 25. Qxg5 (25. Qxf7+ Kxf7 26. Rd7+ Ke6 $18) 25... Rg8) 24. Rd6 Rf8 25. f3 {[%emt 0:08:47] Droht stark Rfd1.} Bc6 (25... Rf7 $142 26. Rfd1 Bc6) 26. Rfd1 (26. Qg6+ $142 Rf7 27. Rxc6 (27. Qg8+ Bf8 $18) 27... Qxc6 28. e6 Qc7+ 29. Kh1) 26... Rf7 27. Kh3 Bxa4 28. R1d3 Bb5 29. Re3 Rg7 {[%emt 0:03:40] [#]} 30. Qh6 $1 Bf8 31. Qe6+ Be7 {[%emt 0:00:04] [#]} 32. Qf5 Bc4 $16 33. Rh6 $1 {[%emt 0:00:42][%mdl 1024] Droht Rh8+ und aus. Weiss hat starke Kompensation. Weiß steht aktiver.} Bf8 $2 (33... Rd8 $16) 34. Rf6 (34. Kxh4 Rd8 $11 (34... Rxg4+ 35. Qxg4 Bxh6 36. Qg6+ Qf7 37. Qxh6 $16)) (34. b3 $142 Bxb3 35. Rh8) 34... Be7 $18 {[%emt 0:00:15] [#]} 35. Be1 (35. b3 $1 $16 Bd5 (35... Bxb3 $2 {ist das falsche Schlagen.} 36. Qh5+ Rf7 37. Qxh4 $16) (35... Bf7 36. Rh6) 36. Be1) 35... Qd7 (35... Rd8 $1 $14) 36. e6 $16 {[%emt 0:00:29] Das Brett brennt.} Qd4 {[%emt 0:00:29] [#]} 37. Bxh4 Bxf6 {[%emt 0:01:14] [#]} ({Und nicht} 37... Qxe3 38. Rf8+ Bxf8 39. Qh5+) 38. Bxf6 (38. Re4 $1 $16 Bxh4 39. Rxd4 cxd4 40. e7) 38... Qxe3 $11 {[%emt 0:00:22] Die Stellung ist ausgeglichen.} 39. Qh5+ $1 Kf8 40. Bxg7+ Kxg7 41. Qf7+ Kh8 42. Qf6+ Kh7 43. Qf7+ Kh8 {[%emt 0:00:06] Schwarz springt nochmal von der Schüppe.   Gewichteter Fehlerwert: Weiß=0.83/Schwarz=0.43.  Verlustzug:     	---       	Schwarz=2     Gewinn verpasst:   	Weiß=1     	---        Fehler:       	Weiß=6     	Schwarz=5     Ungenau:       	Weiß=1     	Schwarz=1     OK:         	Weiß=9     	Schwarz=11    Bester:       	Weiß=3     	Schwarz=6     Stark:        	Weiß=2     	---} 1/2-1/2

[Event "Austrian Bundesliga 2023-24"]
[Site "Austria"]
[Date "2024.03.23"]
[Round "10.36"]
[White "Jablonicky, Martin"]
[Black "Buhmann, Rainer"]
[Result "1/2-1/2"]
[ECO "C01"]
[WhiteElo "2393"]
[BlackElo "2568"]
[Annotator "TA"]
[PlyCount "46"]
[EventDate "2023.10.21"]
[EventType "team-tourn"]
[EventCountry "AUT"]
[SourceTitle "playchess.com"]
[Source "ChessBase"]
[SourceQuality "1"]
[TimeControl "40/5400+30:1800+30"]

1. e4 e6 2. d4 d5 3. exd5 exd5 4. Nf3 Nf6 5. Bd3 c5 6. O-O c4 7. Re1+ Be7 8. Bf1 O-O 9. b3 cxb3 10. axb3 Bg4 11. Rxe7 Qxe7 12. Ba3 $1 {[%emt 0:00:04] [#]} Qe4 13. Bxf8 {[%emt 0:24:35] Strongly threatening Bc5.} (13. Nc3 Bxf3) 13... Bxf3 14. gxf3 (14. Qxf3 {simplifies} Qxf3 15. gxf3 Kxf8 16. Bb5) 14... Qg6+ 15. Kh1 Kxf8 16. Qd2 {[%emt 0:00:06] [#] Qb4+ would now be deadly.} Qf5 17. Qb4+ Kg8 18. Qxb7 Qxf3+ 19. Kg1 {[%emt 0:00:05] Intending Qc8+ and mate.} Qg4+ 20. Bg2 Qd1+ 21. Bf1 {[%emt 0:00:07] White threatens Qc8+ and mate.} Qg4+ {[%emt 0:02:24] The position is equal.} 22. Bg2 Qd1+ 23. Bf1 {[%emt 0:00:08] Threatening mate with Qc8+.} Qg4+ {[%emt 0:01:44] Weighted Error Value: White=0.06 (flawless) /Black=0.08 (flawless) .  Inaccurate:     	White=1     	Black=1      OK:         	White=5     	Black=6      Best:        	White=3     	Black=6      Strong:       	White=1     	---} 1/2-1/2

[Event "Austrian Bundesliga 2023-24"]
[Site "Austria"]
[Date "2024.03.24"]
[Round "11.1"]
[White "Pechac, Jergus"]
[Black "Ragger, Markus"]
[Result "1/2-1/2"]
[ECO "C55"]
[WhiteElo "2571"]
[BlackElo "2605"]
[Annotator "TA"]
[PlyCount "60"]
[EventDate "2023.10.21"]
[EventType "team-tourn"]
[EventCountry "AUT"]
[SourceTitle "playchess.com"]
[Source "ChessBase"]
[SourceQuality "1"]
[TimeControl "40/5400+30:1800+30"]

1. e4 e5 2. Nf3 Nc6 3. Bc4 Nf6 4. d3 d5 5. exd5 Nxd5 6. O-O Nb6 7. Bb5 Bd6 8. Bxc6+ bxc6 {[%emt 0:00:04] [#]} 9. Nxe5 $1 {[%emt 0:00:08] Weiß steht etwas besser.} Bxe5 10. Re1 Qe7 11. Kh1 Bb7 12. Qh5 (12. f4 {vereinfacht} O-O 13. Rxe5 Qd6 14. Qf3) 12... Nd7 13. f4 (13. d4 {scheint wilder zu sein.} Qb4 14. c3 Qe7 15. Na3) 13... O-O-O 14. fxe5 Qe6 15. Bd2 c5 16. Na3 g6 17. Qh4 g5 18. Qh5 (18. Qxg5 $2 Rdg8 19. Re2 Rxg5 20. Bxg5 Qg4 $19 (20... Nxe5 $2 21. Bf4 $19)) 18... Rhg8 19. Re2 (19. Bxg5 $2 Qf5 $19) 19... Rg6 20. Rf1 (20. Bxg5 $2 Rdg8 21. Rg1 Rxg5 $19) (20. Nc4 $16) 20... Rdg8 (20... Re8 $14) 21. Nc4 (21. Qxh7 $6 Qg4 22. Rff2 R8g7 23. Qh8+ Rg8 $11) 21... Rh6 22. Qxf7 Rf8 23. Qxf8+ Nxf8 24. Rxf8+ Kd7 {[%emt 0:00:02] [#] Zielt auf ...Qh3 ab.} 25. Bxg5 (25. Kg1 $16) 25... Qg4 $1 $36 {[%emt 0:10:24][%csl LRe2,LRg5][%mdl 2048] Schwarz kämpft um Vorteil. Die Stellung ist ausgeglichen.} 26. e6+ Rxe6 27. Rf7+ (27. Ne5+ {führt zum Matt.} Rxe5 28. Rd8+ Kc6 29. h3 Qxe2 30. Rg8 Kb6 (30... Qxc2 $2 31. Bf4 $19) 31. Bh4 Qf1+ (31... Qxc2 32. d4 cxd4 33. Rg3 d3 34. Rg4 Re2 35. b3 Qd1+ 36. Kh2 Qd2 37. Kh1 Rxg2 38. Rb4+ Qxb4 39. Bf2+ Rxf2+ 40. Kg1 Qe1#) 32. Kh2 Re2 (32... Qf4+ $2 33. Bg3 $19) (32... Qf4+ $2 33. Bg3 $19)) 27... Kc8 $1 28. Rf8+ Kd7 29. Rf7+ (29. Ne5+ Rxe5 30. Rd8+ Kc6 31. h3 Qxe2 32. Bh6 Rg5 (32... Qxc2 $2 33. b4 $19) 33. Bxg5 Kb6 (33... Qxc2 $2 34. Be3 $19) (33... Qxc2 $2 34. Be3 $19)) 29... Kc8 $1 {[%emt 0:00:04][%cal Og4g2] ( -> ...Qxg2+!)} 30. Rf8+ Kd7 {Gewichteter Fehlerwert: Weiß=0.18 (sehr präzise) /Schwarz=0.10 (sehr präzise) .  Fehler:       	Weiß=2     	Schwarz=1     Ungenau:       	Weiß=1     	Schwarz=3     OK:         	Weiß=8     	Schwarz=4     Bester:       	Weiß=3     	Schwarz=5     Stark:        	---       	Schwarz=3     Brilliant:      	Weiß=1     	---} 1/2-1/2

[Event "Austrian Bundesliga 2023-24"]
[Site "Austria"]
[Date "2024.03.24"]
[Round "11.2"]
[White "Handler, Lukas"]
[Black "Zilka, Stepan"]
[Result "1-0"]
[ECO "E18"]
[WhiteElo "2436"]
[BlackElo "2589"]
[Annotator "TA"]
[PlyCount "118"]
[EventDate "2023.10.21"]
[EventType "team-tourn"]
[EventCountry "AUT"]
[SourceTitle "playchess.com"]
[Source "ChessBase"]
[SourceQuality "1"]
[TimeControl "40/5400+30:1800+30"]

1. d4 Nf6 2. c4 e6 3. Nf3 b6 4. g3 Bb7 5. Bg2 Be7 6. O-O O-O 7. Nc3 Ne4 8. Bd2 d6 9. Qc2 Nxd2 10. Qxd2 Nd7 11. e4 e5 12. Rad1 a5 13. b3 Bf6 14. Rfe1 g6 15. dxe5 Nxe5 16. Nd4 Nd7 17. f4 Bg7 18. e5 Nc5 19. Bxb7 Nxb7 20. Qg2 Nc5 21. exd6 Bxd4+ 22. Rxd4 cxd6 23. Red1 Re8 24. Rxd6 Qe7 25. Qf3 a4 (25... Rab8 $16 26. R6d2 Qe3+ 27. Kg2 Re6) 26. b4 $18 (26. Rxb6 axb3 27. axb3 Qe3+ 28. Qxe3 Rxe3 $11) 26... Ne4 27. Nxe4 (27. Rxb6 Nxc3 28. Qxc3 Rad8 $17) (27. Rd7 $1 $18 Qe6 28. Nb5 Qxc4 29. Nc7 Qxb4 (29... Qc3 30. Qxc3 Nxc3 31. R1d2 $16) 30. Nxa8 Qc5+ 31. R1d4) 27... Qxe4 $16 28. Qxe4 Rxe4 29. R6d4 (29. Rxb6 Rxc4 30. b5 Rc2 $11) ({White should play} 29. R1d4 $16 Re1+ 30. Kf2) 29... Rae8 $2 (29... Re3 $14) 30. Rxe4 $18 Rxe4 {[%emt 0:00:05] [#]} 31. Rc1 $1 Kf8 32. Kf2 f5 (32... h5 {keeps fighting.} 33. a3 Kg7) 33. a3 $18 h5 $2 (33... Kf7 {might work better.} 34. c5 bxc5) 34. h4 $18 Rd4 35. Ke3 Re4+ (35... Rd6 $142 36. c5 bxc5) 36. Kf2 Rd4 $1 37. Ke3 $2 (37. Ke2) 37... Re4+ $18 38. Kd3 Kf7 39. c5 bxc5 40. Rxc5 Re1 41. Rc3 Ke7 42. Kc4 Rb1 43. Rd3 Ke6 44. b5 Ke7 45. Kc5 Rb3 46. Rd4 (46. Rxb3 $2 axb3 47. Kc6 b2 $19) 46... Rxa3 47. b6 Rc3+ 48. Kb5 a3 49. b7 $2 (49. Ka6 a2 50. Ra4 Rxg3 51. Rxa2) 49... a2 $18 50. Ra4 (50. b8=R Rb3+ (50... a1=B 51. Rb7+ Ke8 52. Rdd7 $18) 51. Kc6 Rxb8 (51... a1=B 52. Rd7+ Kf6 53. Rxb3 g5 54. Rbb7 Kg6 55. Rd6+ Bf6 56. fxg5 f4 57. Rxf6#) (51... Rc3+ 52. Kb5 $17) 52. Rd7+ Ke8 $15) 50... Kd7 51. b8=N+ ({Worse is} 51. b8=R Rb3+ (51... Rxg3 $2 52. Rb7+ Kc8 53. Rg7 $18) 52. Kc5 Rxb8 $11) (51. Rxa2 Kc7 $11) (51. Kb4 $18 {and the rest is easy.} Rc1 52. Rxa2 Rb1+ 53. Kc3 Rxb7 54. Ra6) 51... Kd6 $16 52. Na6 Rxg3 53. Rxa2 Rg4 $2 ({Black should try} 53... Kd5 $1 $14) 54. Rd2+ $18 Ke7 55. Nc7 Rxh4 {[%emt 0:00:35] [#]} 56. Kc6 $1 Kf6 $2 (56... Rh1 $18 57. Rd7+ Kf8 58. Ne6+ Ke8) 57. Rd6+ Kg7 58. Ne6+ (58. Rd7+ $142 Kg8 59. Ne6 Rh2 60. Rg7+ Kh8 61. Kd6 (61. Rxg6 Rd2 $18) 61... Rh1 62. Ke7 (62. Rxg6 h4 $18) 62... Re1 63. Rxg6) 58... Kg8 59. Kd5 Rh1 1-0

[Event "Austrian Bundesliga 2023-24"]
[Site "Austria"]
[Date "2024.03.24"]
[Round "11.3"]
[White "Hracek, Zbynek"]
[Black "Halvax, Georg"]
[Result "1/2-1/2"]
[ECO "B31"]
[WhiteElo "2542"]
[BlackElo "2452"]
[Annotator "TA"]
[PlyCount "73"]
[EventDate "2023.10.21"]
[EventType "team-tourn"]
[EventCountry "AUT"]
[SourceTitle "playchess.com"]
[Source "ChessBase"]
[SourceQuality "1"]
[TimeControl "40/5400+30:1800+30"]

1. e4 c5 2. Nf3 Nc6 3. Bb5 g6 4. O-O Bg7 5. Re1 Nf6 6. Nc3 O-O 7. e5 Ne8 8. Bxc6 dxc6 9. h3 Nc7 10. d3 Ne6 11. Be3 Nd4 12. Bf4 Ne6 13. Be3 Nd4 14. a4 a5 15. Bf4 Ne6 16. Be3 Nd4 17. Bf4 Ne6 18. Qc1 Nxf4 19. Qxf4 Bf5 20. Ne4 b6 21. Ng3 Be6 22. Ng5 Qd7 23. Qh4 {[%emt 0:12:38][%csl Gg5][%cal Rh4h7] [#]} h6 24. Nxe6 Qxe6 25. Re4 Rad8 26. b3 Rd4 27. Rae1 Rxe4 28. Qxe4 Rd8 29. f4 Qd5 30. Nf1 Qd4+ 31. Qxd4 cxd4 $14 {[%emt 0:02:13][%mdl 4096] Endgame. KRB-KRN} 32. Nd2 e6 $1 33. Ne4 Bf8 34. Kf2 Be7 35. Kf3 Kg7 36. g4 Rd5 37. Re2 {[%emt 0:00:08] Weighted Error Value: White=0.08 (flawless) /Black=0.07 (flawless) .  Inaccurate:     	White=1     	Black=2      OK:         	White=12    	Black=11     Strong:       	---       	Black=1} 1/2-1/2

[Event "Austrian Bundesliga 2023-24"]
[Site "Austria"]
[Date "2024.03.24"]
[Round "11.4"]
[White "Kreisl, Robert"]
[Black "Haba, Petr"]
[Result "0-1"]
[ECO "A21"]
[WhiteElo "2260"]
[BlackElo "2436"]
[Annotator "TA"]
[PlyCount "138"]
[EventDate "2023.10.21"]
[EventType "team-tourn"]
[EventCountry "AUT"]
[SourceTitle "playchess.com"]
[Source "ChessBase"]
[SourceQuality "1"]
[TimeControl "40/5400+30:1800+30"]

1. c4 e5 2. Nc3 Bb4 3. Nd5 Be7 4. d4 exd4 5. Qxd4 Nf6 6. Nxe7 Qxe7 7. Bg5 Nc6 8. Bxf6 Nxd4 9. Bxe7 Kxe7 10. Rd1 Ne6 11. e3 a5 12. Ne2 Nc5 13. Nf4 c6 14. Nd3 b6 15. Nxc5 bxc5 16. Kd2 d5 17. Kc3 Be6 18. Be2 Rab8 19. Rd2 Rb4 20. h4 Rhb8 21. Rhd1 a4 22. f4 f5 23. cxd5 cxd5 24. Bf3 {[%emt 0:00:44] [#]} d4+ $1 25. exd4 Rc4+ (25... Bxa2 26. dxc5 Rc4+ 27. Kd3 Rxc5 28. Ke3 $19) 26. Kd3 Rxd4+ 27. Ke3 Rxd2 (27... Bxa2 28. Rxd4 cxd4+ 29. Rxd4) 28. Rxd2 Bxa2 29. Bc6 Rb3+ 30. Ke2 Rb4 31. Rd7+ (31. Kf3 $17) 31... Ke6 $19 32. Rxg7 (32. Ke3 $142) 32... Bd5 (32... Rxb2+ 33. Ke3 $17) (32... Kd6 $19 33. Bf3 Rxb2+ (33... Rxf4 34. Rxh7 Rb4 35. Ke1 $15) 34. Ke3 c4 35. Rxh7 Bb3 36. Rh6+ Kc5) 33. Bxd5+ $17 Kxd5 34. Rxh7 $2 (34. Kd3 $17 {was the crucial defense.}) 34... Ke4 $19 (34... Rxb2+ $2 35. Kf3 $19) (34... Rxf4 35. h5 $11) 35. Kd2 (35. Re7+ $142 Kxf4 36. Ra7) 35... Rxb2+ $19 36. Kc3 Rxg2 37. Ra7 Rg3+ (37... Kxf4 38. Rxa4+ Kg3 39. Ra8 Kxh4 40. Kd3) 38. Kd2 Ra3 (38... Kxf4 39. Rxa4+ Ke5 40. Rc4 $11) 39. h5 Kxf4 40. h6 Kg5 41. h7 Rh3 42. Ke2 a3 43. Rg7+ Kf4 44. Ra7 {[%emt 0:00:42] [#]} a2 (44... Rh2+ $142 $1 45. Kd3 a2) 45. Rxa2 Rxh7 46. Ra4+ Ke5 47. Rc4 Kd5 48. Rf4 Re7+ 49. Kd3 Re5 50. Rf1 Ke6 (50... c4+ $142 51. Kc2 Ke4 52. Re1+ Kf4 53. Rf1+ Kg4 54. Rg1+ Kf3 55. Rg8 f4 56. Kd2 Re2+ 57. Kc3 Re4 58. Kd2 Kf2 59. Rh8 f3 60. Rh6 Rd4+ 61. Kc3 Ke3 62. Rh1 Re4 63. Re1+ Kf4 64. Rh1 Kg3 65. Rg1+ Kh2 66. Rc1 f2 67. Rd1 Kg3 68. Kb4 Re1 69. Rd8 f1=Q (69... f1=B $2 70. Rf8 $19) 70. Kc5 Qf2+ 71. Kc6 Re6+ 72. Kd5 Qf5+ (72... Qd2+ {gets mated.} 73. Kxe6 Qxd8 74. Ke5 c3 75. Ke4 c2 76. Ke5 c1=Q 77. Kf5 Qcg5+ 78. Ke6 Qgf6#) 73. Kxc4 Rc6+ 74. Kb4 Qc5+ (74... Qb1+ 75. Ka5 Qa2+ 76. Kb4 Rc4+ 77. Kb5 Qb3+ 78. Ka6 Ra4#) 75. Ka4 Qa7+ (75... Ra6+ $2 {leads to mate.} 76. Kb3 Rb6+ 77. Ka4 Qb4#) 76. Kb4 Qb7+ 77. Ka5 Ra6#) 51. Rf2 Re4 52. Rc2 Kd5 53. Rf2 f4 54. Rh2 Re3+ 55. Kd2 c4 56. Rh8 c3+ 57. Kc2 Ke4 58. Kd1 Kf3 59. Rf8 Kg3 60. Rg8+ Kf2 61. Rf8 f3 62. Rg8 Kf1 63. Rg3 Re1+ 64. Kc2 f2 65. Rg8 Re3 66. Kd1 Rd3+ 67. Kc2 Ke2 68. Rf8 Rf3 ({Weaker is} 68... f1=R 69. Rxf1 Kxf1 70. Kxd3 $11) 69. Re8+ Re3 0-1

[Event "Austrian Bundesliga 2023-24"]
[Site "Austria"]
[Date "2024.03.24"]
[Round "11.5"]
[White "Bures, Jaroslav"]
[Black "Genser, Harald"]
[Result "1-0"]
[ECO "C07"]
[WhiteElo "2407"]
[BlackElo "2263"]
[Annotator "TA"]
[PlyCount "133"]
[EventDate "2023.10.21"]
[EventType "team-tourn"]
[EventCountry "AUT"]
[SourceTitle "playchess.com"]
[Source "ChessBase"]
[SourceQuality "1"]
[TimeControl "40/5400+30:1800+30"]

1. e4 e6 2. d4 d5 3. Nd2 c5 4. Ngf3 cxd4 5. Nxd4 Nc6 6. Bb5 Bd7 7. Nxc6 bxc6 8. Bd3 Qc7 9. Qe2 {[%emt 0:00:11] C07: Französische Verteidigung (Tarrasch-Variante).} Bd6 10. Nf3 Ne7 11. e5 Bc5 12. h4 Nf5 $146 ({Predecessor:} 12... Bb6 13. h5 h6 14. Rh3 c5 15. c3 O-O-O 16. Kf1 f5 17. Ba6+ Kb8 18. b4 cxb4 19. cxb4 {1-0 Hari,M (2425)-Vrashank,C (1985) Asia-ch U20 Jamshedpur 2023 (9)}) 13. h5 Nd4 14. Nxd4 Bxd4 15. f4 f5 16. g4 O-O 17. c3 Bc5 18. gxf5 exf5 19. Be3 Bxe3 20. Qxe3 Qb6 21. Qd2 Be6 22. O-O-O a5 23. Rdg1 Ra7 24. Rg5 Re7 25. Rhg1 Kh8 26. R1g3 Qa7 27. Qg2 Qc7 28. Qc2 Qd7 29. a3 c5 30. Qd2 Qc7 31. Bc2 Qa7 32. Kb1 (32. Bb3 $11 Rd7 33. Rg2) 32... Qc7 ({Vorzuziehen ist} 32... Rb7 $1 $17) 33. Qg2 Qa7 34. Qg1 Qc7 (34... Rb7 $15) 35. Rg2 $14 Rd7 36. Rg6 Re7 $1 (36... hxg6 $2 37. hxg6 Kg8 38. Qh1 $18) 37. Rd2 (37. R6g3 $14) 37... Qc8 (37... hxg6 $2 38. hxg6 Kg8 39. Qh1 $18) (37... Rb8 $11 38. Rg3 Qb7) 38. Bb3 $16 c4 (38... hxg6 39. hxg6 Kg8 40. Qh1) 39. Ba4 $1 Qc7 (39... hxg6 $2 40. hxg6 Kg8 41. Qh1 $18) 40. Rh2 h6 (40... hxg6 41. hxg6+ Kg8 42. Qh1 Rd8 43. Rh8#) 41. Rhg2 Rd8 42. Rd2 Kh7 $2 (42... Rb8 $16 43. Qd4 Qc8) 43. Ka1 $2 (43. Rxh6+ gxh6 44. Qg6+ Kh8 45. Qxh6+ Kg8 46. Rg2+ Rg7 47. Qxe6+ Qf7 48. Qxf7+ (48. Rxg7+ Kxg7 49. h6+ Kg8 $18) 48... Kxf7 49. e6+ Kxe6 50. Rxg7) 43... Kh8 $18 44. Bc2 Rf8 45. Rd4 Qc8 46. Bd1 Qc5 47. Bf3 Rb8 48. Rd2 Qxg1+ 49. Rxg1 Rb5 (49... Rd8 $16 50. Rg6 Ree8) 50. Rg6 (50. a4 $1 $18 Rc5 51. Rg6) 50... Rc5 {[%emt 0:04:18] [#]} (50... a4 $16 51. Kb1 (51. Bd1 Rb8 $18) 51... Kg8) 51. Kb1 (51. a4 $1 $18) 51... Kh7 52. Kc1 Kh8 (52... a4 $16 {war nötig.} 53. Rdg2 Rc8) 53. Rd4 (53. a4 $18 {und Weiss behält klar die Oberhand.}) 53... Kh7 (53... a4 $16 54. Bd1 Ra5) 54. a4 $18 Kh8 55. Rxe6 Rxe6 56. Bxd5 (56. Rxd5 Rxd5 57. Bxd5 Re8 $16) 56... Re7 (56... Rb6 $16 {war angesagt.} 57. Bf7 (57. Rxc4 $2 Rxd5 58. b4 g5 $19) (57. Bxc4 g5 $18) 57... Rc8) 57. Bxc4 $18 (57. Rxc4 $2 Rxd5 58. Kc2 g5 59. hxg6 h5 $19 (59... Kg7 $2 60. Rc6 $19)) 57... Kh7 58. Bd3 g6 59. Rd6 (59. hxg6+ $18 Kxg6 60. Kd2 (60. Rd6+ Kg7 $16)) 59... gxh5 ({Besser ist} 59... g5 $1 $14) 60. Bxf5+ $18 Kg7 61. Rg6+ Kf8 {[%emt 0:00:10] [#]} (61... Kf7 $16 {kämpft weiter.}) 62. Be6 $1 $18 ({Lieber nicht} 62. Rxh6 Rc4 $14) 62... Rh7 $2 (62... Rg7 63. Rxh6 Ke7) 63. Kd2 $18 h4 64. Ke3 Rc6 $2 (64... Rh8 65. Rg4 Ke8) 65. Rg8+ $18 Ke7 66. Bd5 Rb6 67. f5 1-0